 Dungeon Sprint DCSS version 0.27.1-33-g824d729ab1 (webtiles) character file.

Game seed: 9086267933651112816

4011 Hipnos the Imperceptible (level 10, -2/75 HPs)
             Began as a Spriggan Brigand on Nov 26, 2021.
             Was a Priest of Trog.
             Splashed by an oklob plant's acid (14 damage)
             ... in the Dungeon (Sprint I: "Red Sonja").
             The game lasted 00:07:57 (1846 turns).

Hipnos the Imperceptible (Spriggan Brigand)         Turns: 1846, Time: 00:08:00

Health: -2/75      AC: -1    Str:  7      XL:     10   Next: 3%
Magic:  9/9        EV: 22    Int: 13      God:    Trog [***...]
Gold:   1023       SH:  0    Dex: 19 (20) Spells: 9/9 levels left

rFire    . . .     SeeInvis +   a - +2 dagger
rCold    . . .     Faith    .   (shield restricted)
rNeg     . . .     Spirit   .   b - +0 robe
rPois    .         Reflect  .   (helmet restricted)
rElec    .         Harm     .   c - +0 cloak
rCorr    .         Rampage  .   (gloves unavailable)
Will     +++..     Rnd*Rage +   (boots unavailable) Stlth ..........NoTele +
                                (no amulet)
HPRegen  1.22/turn              (no ring)
MPRegen  0.11/turn              (no ring)

@: berserking, strong-willed, corroded, unable to read, regenerating, very quick
A: very small, no large weapons, unfitting armour, see invisible, speed 3,
berserk 1, deterioration 1, low mp 2, inability to read while threatened
a: Renounce Religion, Berserk, Trog's Hand


You were in the Dungeon.
You worshipped Trog.
Trog was most pleased with you.
You visited 1 branch You collected 1023 gold pieces.

Inventory:

Hand Weapons
 a - a +2 dagger (weapon)
Armour
 b - a +0 robe (worn)
 c - a +0 cloak (worn)
Wands
 d - a wand of flame (13)
Scrolls
 h - a scroll of magic mapping {unknown}
 j - a scroll of amnesia {unknown}
 k - 3 scrolls of blinking
Potions
 g - 2 potions of curing
 i - 3 potions of magic
 l - a potion of brilliance {unknown}


   Skills:
 + Level 4.3 Fighting
 + Level 8.3 Short Blades
 * Level 12.2 Throwing
 + Level 7.2 Dodging
 * Level 23.8 Stealth


You had 9 spell levels left.
You didn't know any spells.
Your spell library was empty.

Dungeon Overview and Level Annotations

Branches:
Dungeon (1/1)

Altars:
Cheibriados
Dithmenos
Elyvilon
Fedhas
Gozag
Hepliaklqana
Kikubaaqudgha
Makhleb
Nemelex Xobeh
Okawaru
Qazlal
Ru
Sif Muna
Trog
Uskayaw
Vehumet
Wu Jian
Xom
Yredelemnul
Zin
The Shining One
Jiyva
Lugonu

Shops:
D [=[

Annotations:
D exclusion: oklob plant


Innate Abilities, Weirdness & Mutations

You are very small and have problems with some larger weapons.
You are too small for most types of armour.
You have supernaturally acute eyesight. (SInv)
You cover ground extremely quickly. (Speed+++)
You tend to lose your temper in combat.
Your body sometimes deteriorates upon taking damage.
Your magical capacity is very low. (-20% MP)
You sometimes lose the ability to read scrolls when taking damage.


Message History

Moving in this stuff is going to be slow.
Really walk into a travel-excluded area?
There is an open door, spattered with blood here.
Throw: dart (poison)
Press: ? - help, Q - select action, (/) - cycle Shift-Dir - straight line, f/p - oklob plant
Aim: an oklob plant (moderately damaged, very poisoned, 98% to hit)
You throw a poisoned dart. The poisoned dart hits the oklob plant!
The oklob plant is moderately damaged.
Throw: dart (curare)
Press: ? - help, Q - select action, (/) - cycle Shift-Dir - straight line, f/p - oklob plant
Aim: an oklob plant (moderately damaged, very poisoned, 98% to hit)
You throw a curare-tipped dart.
The curare-tipped dart hits the oklob plant.
The oklob plant is moderately damaged.
The oklob plant spits acid at you. The splash of acid hits you!
You are splashed with acid!
You feel threatened and lose the ability to read scrolls!
There is an open door here.
You hit the oklob plant.
The oklob plant is moderately damaged.
The oklob plant spits acid at you. The splash of acid hits you!
* * * LOW HITPOINT WARNING * * *
The acid corrodes you!
You are splashed with acid!
* * * LOW HITPOINT WARNING * * *
You feel better.
You hit the oklob plant but do no damage.
The oklob plant is moderately damaged.
Your skin crawls.
You feel strong-willed.
A red film seems to cover your vision as you go berserk!
You feel yourself moving faster!
You feel mighty!
You can no longer call in reinforcements.
You hit the oklob plant but do no damage.
The oklob plant is heavily damaged.
The oklob plant spits acid at you. The splash of acid hits you.
* * * LOW HITPOINT WARNING * * *
You are splashed with acid!
You die...

###################
).#..'..#__#..'.(.#
.s+†.#..+s.s..#.((##+#
#'#####'#__####...'.s#
..#...#.####§§#####..+
###..##.#≈§§§§#§§# ##
__##'#_.'§≈§.§§§§#
..)'..§_#§§§.)#§.#
__##_.#+##§#####@#
__###'# #(.[.###P'.#
#####.####'###.###.#
...+...'.....'.∩# §#
####.).########## #
###.### #.#'#.#
#.....# #...(.#


You could see an oklob plant (very poisoned).

Vanquished Creatures
  2 centaur warriors (D)
  Sonja (D)
  A deep troll (D)
  A shining eye (D)
  2 kobold demonologists (D)
  A hornet (D)
  Sigmund (D)
  A yak (D)
  A floating eye (D)
  An ogre (D)
  A jelly (D)
  Ijyb (D)
  A ballistomycete spore (D)
15 creatures vanquished.

Vanquished Creatures (others)
  A gargoyle (D)
  A ballistomycete spore (D)
2 creatures vanquished.

Grand Total: 17 creatures vanquished

Notes
Turn   | Place    | Note
-------+----------+-------------------------------------------
     0 | D        | Hipnos the Spriggan Brigand began the quest for the Orb.
     0 | D        | Reached XP level 1. HP: 10/10 MP: 2/2
     2 | D        | Noticed Ijyb
    18 | D        | Killed Ijyb
    19 | D        | Reached skill level 9 in Stealth
    19 | D        | Reached XP level 2. HP: 15/15 MP: 3/3
    78 | D        | Noticed an ogre
    81 | D        | Killed an ogre
    82 | D        | Reached skill level 13 in Stealth
    82 | D        | Reached XP level 3. HP: 18/18 MP: 4/4
    82 | D        | Reached XP level 4. HP: 23/23 MP: 5/5
    92 | D        | Noticed Sigmund
   396 | D        | Found a burning altar of Makhleb.
   396 | D        | Found a shimmering altar of Xom.
   396 | D        | Noticed a slime creature
   400 | D        | Found a viscous altar of Jiyva.
   400 | D        | Found a corrupted altar of Lugonu.
   400 | D        | Found a shimmering blue altar of Sif Muna.
   401 | D        | Found an ornate altar of the Wu Jian Council.
   671 | D        | Killed a gargoyle
   687 | D        | Found a radiant altar of Vehumet.
   689 | D        | Found a hazy altar of Hepliaklqana.
   689 | D        | Found a hide-covered altar of Uskayaw.
   689 | D        | Noticed a yak
   690 | D        | Found Neung's Jewellery Emporium.
   690 | D        | Found a stormy altar of Qazlal.
   690 | D        | Found a blossoming altar of Fedhas.
   690 | D        | Found a bloodstained altar of Trog.
   690 | D        | Noticed Sonja
   691 | D        | Noticed a centaur warrior
   692 | D        | Reached skill level 14 in Stealth
   692 | D        | Reached XP level 5. HP: 26/26 MP: 6/6
   692 | D        | Found an iron altar of Okawaru.
   692 | D        | Found a sacrificial altar of Ru.
   692 | D        | Found a glowing silver altar of Zin.
   693 | D        | Found an ancient bone altar of Kikubaaqudgha.
   693 | D        | Found a basalt altar of Yredelemnul.
   693 | D        | Found a glowing golden altar of the Shining One.
   693 | D        | Found a snail-covered altar of Cheibriados.
   693 | D        | Found a shadowy altar of Dithmenos.
   693 | D        | Found a white marble altar of Elyvilon.
   694 | D        | Found an opulent altar of Gozag.
   695 | D        | Killed a yak
   696 | D        | Reached skill level 5 in Throwing
   696 | D        | Reached skill level 16 in Stealth
   696 | D        | Reached XP level 6. HP: 32/32 MP: 7/7
   696 | D        | Found a sparkling altar of Nemelex Xobeh.
   700 | D        | Became a worshipper of Trog the Wrathful
   710 | D        | Killed Sonja
   711 | D        | Reached skill level 20 in Stealth
   711 | D        | Reached XP level 7. HP: 36/36 MP: 8/8
   746 | D        | Killed Sigmund
   746 | D        | Reached * piety under Trog
   747 | D        | Reached skill level 5 in Short Blades
   924 | D        | Noticed a shining eye
   938 | D        | Gained mutation: Your magical capacity is low. (-10% MP) [a
                  | shining eye]
   941 | D        | Gained mutation: You sometimes lose the ability to read
                  | scrolls when taking damage. [a shining eye]
   945 | D        | Gained mutation: Your magical capacity is very low. (-20%
                  | MP) [a shining eye]
   947 | D        | Gained mutation: Your body sometimes deteriorates upon
                  | taking damage. [a shining eye]
   971 | D        | Gained mutation: You tend to lose your temper in combat. [a
                  | shining eye]
   982 | D        | Killed a shining eye
   983 | D        | Reached skill level 21 in Stealth
   983 | D        | Reached XP level 8. HP: 36/40 MP: 7/7
  1054 | D        | Found Cilomung's Armour Boutique.
  1054 | D        | Noticed a shining eye
  1054 | D        | Noticed a shining eye
  1161 | D        | Noticed a deep troll
  1165 | D        | Killed a deep troll
  1165 | D        | Reached ** piety under Trog
  1166 | D        | Reached skill level 22 in Stealth
  1175 | D        | Found Xics's Armour Emporium.
  1212 | D        | Noticed a centaur warrior
  1235 | D        | Noticed a kobold demonologist
  1236 | D        | Noticed a kobold demonologist
  1239 | D        | Reached XP level 9. HP: 45/45 MP: 8/8
  1241 | D        | Noticed a soul eater
  1290 | D        | Killed a kobold demonologist
  1291 | D        | Reached skill level 10 in Throwing
  1291 | D        | Reached skill level 5 in Dodging
  1340 | D        | Killed a kobold demonologist
  1340 | D        | Reached *** piety under Trog
  1355 | D        | Noticed a demonic crawler
  1563 | D        | Noticed a demonic crawler
  1563 | D        | Noticed a demonic crawler
  1563 | D        | Noticed a demonic crawler
  1699 | D        | Killed a centaur warrior
  1700 | D        | Reached skill level 23 in Stealth
  1701 | D        | Killed a centaur warrior
  1703 | D        | Noticed an oklob plant
  1705 | D        | Reached **** piety under Trog
  1706 | D        | Reached XP level 10. HP: 50/50 MP: 9/9
  1846 | D        | Splashed by an oklob plant's acid

Illustrated notes

Levels and vault maps discovered:
D:        dungeon_sprint_1 [red_sonja_temple_1, red_sonja_temple_small_1]

Skill      XL: |  1  2  3  4  5  6  7  8  9 |
---------------+----------------------------+-----
Stealth        | 9 13 14 16 20 21 22 23 | 23.8
Fighting       | 2 3 4 |  4.3
Short Blades   | 3 4 5 6 8 |  8.3
Throwing       | 3 4 5 7 8 9 12 | 12.2
Dodging        | 2 3 4 7 |  7.2

Action                   |  1- 3 |  4- 6 |  7- 9 | 10-12 || total
-------------------------+-------+-------+-------+-------++-------
Melee: Dagger            |    14 |     4 |    81 |     3 ||   102
Throw: Dart              |       |    13 |    21 |     6 ||    40
Invok: Berserk           |       |       |       |     1 ||     1
       Trog's Hand       |       |       |       |     1 ||     1
  Use: Potion            |     2 |       |     3 |     1 ||     6
 Stab: Sleeping          |     1 |     3 |     5 |       ||     9
Armor: Robe              |     1 |       |     9 |       ||    10
Dodge: Dodged            |     7 |     2 |    58 |       ||    67
